 Dungeon Crawl Stone Soup version 0.31-a0-435-g2c6fae2916 (webtiles) character file.

Game seed: 1943697273412237096

156 MacCMillion the Ruffian (level 5, 0/45 HPs)
             Began as a Draconian Shapeshifter on Aug 1, 2023.
             Splashed by a jelly's acid (3 damage)
             ... on level 3 of the Dungeon.
             The game lasted 00:02:48 (2305 turns).

MacCMillion the Ruffian (Draconian Shapeshifter)    Turns: 2305, Time: 00:02:49

Health: 0/45       AC: -7    Str: 19    XL:     5   Next: 15%
Magic:  5/5        EV: 12    Int:  9    God:
Gold:   155        SH:  0    Dex: 11    Spells: 4/4 levels left

rFire   + .          .
                       - Unarmed
rCold   . . .        (no shield)
rNeg    . . .        (body armour unavailable)
rPois   .            (helmet currently unavailable)
rElec   .            (cloak currently unavailable)
rCorr   .            (gloves currently unavailable)
SInv    .            (boots currently unavailable)
Will    .....        (no amulet)
Stlth   +            q - ring of protection from fire
HPRegen 0.27/turn    (no ring)
MPRegen 0.09/turn

%: no passive effects
@: beast-form, corroded
A: beast (slay +2), AC +5, unfitting armour, cold-blooded
a: Begin Untransformation


You were on level 3 of the Dungeon.
You were a hulking beast.
You visited 1 branch of the dungeon, and saw 3 of its levels.

You collected 155 gold pieces.

Inventory:

Missiles
 p - 7 poisoned darts
Armour
 e - a +2 pair of gloves
Jewellery
 q - a ring of protection from fire (left hand)
Talismans
 b - a beast talisman (active)
Scrolls
 d - a scroll of vulnerability {unknown}
 j - a scroll of amnesia {unknown}
 l - a scroll of fear {unknown}
 m - a scroll of poison {unknown}
 n - a scroll of blinking {unknown}
 r - a scroll of enchant weapon {unknown}
 s - a scroll of enchant armour {unknown}
 t - a scroll of teleportation {unknown}
Potions
 a - a potion of lignification
 c - a potion of ambrosia {unknown}
 f - 2 potions of magic {unknown}
 g - a potion of heal wounds {unknown}
 h - a potion of mutation {unknown}
 i - a potion of attraction {unknown}
 k - a potion of brilliance {unknown}
 o - 3 potions of curing {unknown}


   Skills:
 + Level 3.2 Fighting
 - Level 1.7 Dodging
 * Level 5.1 Unarmed Combat
 - Level 3.0 Shapeshifting


You had 4 spell levels left.
You didn't know any spells.
Your spell library contained the following spells:

 Spells                   Type           Power      Damage    Failure   Level
 Kiss of Death            Conj/Necr      0%         2d5       38%         1
 Cigotuvi's Dreadful Rot  Necr/Pois/Air  0%         N/A       52%         2
 Sublimation of Blood     Necr           0%         N/A       52%         2
 Wereblood                Tmut           0%         N/A       52%         2
 Dispel Undead            Necr           0%         3d6       99%         4
 Irradiate                Conj/Tmut      0%         3d11      100%        5
 Death Channel            Necr           0%         N/A       100%        6
 Summon Hydra             Summ           0%         N/A       100%        7


Dungeon Overview and Level Annotations

Branches:
Dungeon (3/15)

Altars:

Shops:
D:2 (


Innate Abilities, Weirdness & Mutations

You are a hulking beast.
Your limbs bulge with bestial killing power. (Slay +2)
Your plain brown scales are hard. (AC +5)
You cannot fit into any form of body armour.
You are cold-blooded and may be slowed by cold attacks.


Message History

The endoplasm quivers.
The endoplasm hits the toadstool.
The endoplasm hits the fungus.
There is an open door here.
A nearby fungus withers and dies.
The jelly attacks as you move away! The jelly hits you.
You are splashed with acid!
The jelly jiggles.
You see here a +0 dagger.
You punch the jelly!
Your hands burn!
The jelly is moderately wounded.
The jelly hits you but does no damage.
You hit the jelly. The acid corrodes you!
Your hands burn!
You tail-slap the jelly, but do no damage.
The jelly is heavily wounded.
The jelly closely misses you.
You are too injured to fight recklessly!
You punch the jelly! The acid corrodes you!
Your hands burn!
The jelly is almost dead.
The jelly hits you.
You are splashed with acid!
* * * LOW HITPOINT WARNING * * *
You punch the jelly!
You kill the jelly!
Your Unarmed Combat skill increases to level 5!
You have reached level 5!
You hit the jelly.
Your hands burn!
* * * LOW HITPOINT WARNING * * *
You tail-slap the jelly, but do no damage.
The jelly is moderately wounded.
The jelly closely misses you.
You hit the jelly. The acid corrodes you!
Your hands burn!
* * * LOW HITPOINT WARNING * * *
You tail-slap the jelly.
The jelly is moderately wounded.
The jelly misses you.
You hit the jelly but do no damage.
Your hands burn!
* * * LOW HITPOINT WARNING * * *
The jelly is moderately wounded.
The jelly barely misses you.
You hit the jelly.
Your hands burn!
You die...

#......''.......#......
#......##......###.####
#......##..◎...# #.#
#########......# #.#
######## #.# # ### #.#
# #$.....##.####### #)#
#
#PPP...#.#.#....####)#
#
#÷..J..#h#.#.....##..#
#
#PPP..J#J#'#......'..#
#
#..JJJJ#J#....[...'..#
#
#..÷PPP#.#........'..#
#
#÷.J.÷.#.#.......##..#
#
#÷P.P.PJ##......####.#
# #...J..########## #.#
# ######## ..# ##


You could see a jelly and 2 endoplasms.

Vanquished Creatures
  A jelly (D:3)
  Robin (D:1)
  5 adders
  A worm (D:2)
  A dart slug (D:1)
  2 ball pythons
  8 endoplasms
  5 giant cockroaches
  9 goblins
  5 hobgoblins
  2 jackals (D:2)
  12 kobolds
  3 bats
  A frilled lizard (D:2)
  5 rats
61 creatures vanquished.

Notes
Turn   | Place    | Note
-------+----------+-------------------------------------------
     0 | D:1      | MacCMillion the Draconian Shapeshifter began the quest for
                  | the Orb.
     0 | D:1      | Reached XP level 1. HP: 16/16 MP: 1/1
   244 | D:1      | Reached XP level 2. HP: 23/23 MP: 2/2
   395 | D:1      | Found a faded altar of an unknown god.
   400 | D:1      | Got Plato's Codex of Despair
   829 | D:2      | Reached XP level 3. HP: 22/29 MP: 3/3
   903 | D:2      | Found Nile's Antique Weapon Shoppe.
   940 | D:2      | Reached skill level 4 in Unarmed Combat
  1407 | D:2      | Reached XP level 4. HP: 34/37 MP: 4/4
  1449 | D:2      | Noticed Robin
  1461 | D:1      | Killed Robin
  2030 | D:3      | Identified the +1 robe "Arghuif" {Int+3}
  2302 | D:3      | Reached skill level 5 in Unarmed Combat
  2302 | D:3      | Reached XP level 5. HP: 8/45 MP: 5/5
  2305 | D:3      | Splashed by a jelly's acid

Illustrated notes

Levels and vault maps discovered:
D:1:      lightli_arrival_lavapool, layout_basic,
          shapermc_ecumenical_altar_rom_forum, skrybe_limestone_x,
          minmay_cut_off
D:2:      layout_loops_corners, serial_shops, nicolae_shop_peninsula, uniq_robin
D:3:      cheibrodos_fertilizer, layout_basic, chequers_serial_rivers_micro_a

Skill      XL: |  1  2  3  4 |
---------------+-------------+-----
Fighting       | 2 3 |  3.2
Unarmed Combat | 4 5 |  5.1
Dodging        | |  1.7
Shapeshifting  | |  3.0

Action                     |  1- 3 |  4- 6 || total
---------------------------+-------+-------++-------
  Melee: Unarmed           |    84 |    53 ||   137
         Tailslap          |     8 |     8 ||    16
         Punch             |     3 |       ||     3
   Stab: Sleeping          |     3 |       ||     3
 Armour: Skin              |    25 |    10 ||    35
  Dodge: Dodged            |    48 |    26 ||    74

Table legend: (Time is in decaauts)
 A = Elapsed time spent in this place.
 B = Non-inter-level travel time spent in this place.
 C = Inter-level travel time spent in this place.
 D = Time resting spent in this place.
 E = Time spent auto-exploring this place.
 F = Levels seen in this place.
 G = Mean time per level.
                   A        B        C        D        E       F      G
               +--------+--------+--------+--------+--------+-----+--------+
         Total |   2296 |   2242 |     54 |    381 |   1477 |   3 |  765.3 |
       Dungeon |   2296 |   2242 |     54 |    381 |   1477 |   3 |  765.3 |
               +--------+--------+--------+--------+--------+-----+--------+

Top non-repeatable levels by time:
     D:2: 1149 daAuts
     D:1: 836 daAuts
     D:3: 310 daAuts
